 Dungeon Crawl Stone Soup version 0.29-a0-422-gafbd6decc1 (webtiles) character file.

Game seed: 11154202609628875794

1115 trckry the Grave Robber (level 8, -3/52 HPs)
             Began as a Mummy Necromancer on May 18, 2022.
             Slain by a wight
             ... wielding a +3 short sword of freezing
              (6 damage)
             ... on level 6 of the Dungeon.
             The game lasted 00:18:34 (5119 turns).

trckry the Grave Robber (Mummy Necromancer)         Turns: 5119, Time: 00:18:35

Health: -3/52      AC:  2    Str: 11    XL:     8   Next: 12%
Magic:  14/14      EV: 12    Int: 16    God:
Gold:   198        SH:  0    Dex: 13    Spells: 4/15 levels left

rFire   . . .      SeeInvis .   h - +0 quarterstaff
rCold   . . .      Faith    .   (shield currently unavailable)
rNeg    + + +      Spirit   .   a - +0 robe
rPois   ∞          Reflect  .   (no helmet)
rElec   .          Harm     .   (no cloak)
rCorr   .          Rampage  .   (no gloves)
Will    +....                   (no boots)
Stlth   ++........              e - amulet of magic regeneration
HPRegen 0.17/turn               m - ring of fire
MPRegen 0.54/turn               (no ring)

@: no status effects
A: cold resistance 1, negative energy resistance 3, torment resistance 2, heat
vulnerability 1, in touch with death 1, no potions
a: no special abilities


You were on level 6 of the Dungeon.
You visited 2 branches of the dungeon, and saw 7 of its levels.

You collected 198 gold pieces.

Inventory:

Hand Weapons
 h - a +0 quarterstaff (weapon)
Missiles
 f - a throwing net
Armour
 a - a +0 robe (worn)
Magical Staves
 b - a staff of poison
Jewellery
 e - an amulet of magic regeneration (around neck)
 i - a ring of ice
 m - a ring of fire (left hand)
Scrolls
 c - a scroll of acquirement {unknown}
 d - a scroll of teleportation {unknown}
 g - 6 scrolls of identify {unknown}
 j - a scroll of noise {unknown}
 l - a scroll of poison {unknown}
 n - a scroll of immolation {unknown}


   Skills:
 - Level 1.6 Dodging
 - Level 1.6 Stealth
 + Level 4.0 Spellcasting
 - Level 3.0 Conjurations
 - Level 6.0 Necromancy
 - Level 3.0 Air Magic
 * Level 4.6 Poison Magic


You had 4 spell levels left.
You knew the following spells:

 Your Spells              Type           Power      Damage    Failure   Level
a - Pain                  Necr           100%       1d9       1%          1
b - Vampiric Draining     Necr           33%        2d8       4%          3
c - Mephitic Cloud        Conj/Pois/Air  14%        N/A       12%         3
d - Olgreb's Toxic Radia  Pois           18%        N/A       24%         4

Your spell library contained the following spells:

 Spells                   Type           Power      Damage    Failure   Level
 Animate Skeleton         Necr           66%        N/A       1%          1
 Magic Dart               Conj           48%        1d5       4%          1
 Poisonous Vapours        Pois/Air       30%        N/A       5%          2
 Sting                    Tmut/Pois      40%        1d5       6%          1
 Animate Dead             Necr           16%        N/A       14%         4
 Summon Small Mammal      Summ           12%        N/A       17%         1
 Call Imp                 Summ           3%         N/A       26%         2
 Call Canine Familiar     Summ           3%         N/A       45%         3
 Summon Guardian Golem    Hex/Summ       3%         N/A       45%         3
 Agony                    Necr           33%        N/A       36%         5


Dungeon Overview and Level Annotations

Branches:
Dungeon (6/15)             Temple (1/1) D:6

Altars:
Ashenzari
Cheibriados
Dithmenos
Elyvilon
Fedhas
Hepliaklqana
Kikubaaqudgha
Makhleb
Nemelex Xobeh
Okawaru
Qazlal
Ru
Sif Muna
Trog
Uskayaw
Vehumet
Wu Jian
Xom
Yredelemnul
The Shining One

Shops:
D:1 (   D:4 :


Innate Abilities, Weirdness & Mutations

You are immune to poison.
Your flesh is cold resistant. (rC+)
You are immune to negative energy. (rN+++)
You are immune to unholy pain and torment.
You are vulnerable to heat. (rF-)
You are in touch with the powers of death.
You do not drink.


Message History

You hear a shout! x2
The wight misses you.
You don't have any such object.
Evoke which item? (* to show all) (? for menu, Esc to quit)
Okay, then.
Unknown command.
Unknown command.
Aiming: Iceblast
Press: ? - help, Shift-Dir - straight line The mass of ice explodes!
The iceblast engulfs the wight.
The wight partially resists.
The wight is moderately damaged.
A wight comes into view. It is wielding a +0 vampiric spear.
The wight hits you with a +3 short sword of freezing.
The wight freezes you.
You take 9 damage, and have 38/52 hp.
Aiming: Iceblast
Press: ? - help, Shift-Dir - straight line The mass of ice explodes!
The iceblast engulfs the wight.
The wight partially resists.
The wight is heavily damaged.
The now-empty wand crumbles to dust.
A wight comes into view. It is wielding a +0 dire flail.
The wight hits you with a +3 short sword of freezing!
The wight freezes you.
You take 10 damage, and have 28/52 hp.
The wight attacks as you move away!
The wight hits you with a +3 short sword of freezing!
The wight freezes you.
* * * LOW HITPOINT WARNING * * *
You take 14 damage, and have 14/52 hp.
MASSIVE DAMAGE!!
The wight completely misses you.
You see here 10 gold pieces.
The wight attacks as you move away! The wight barely misses you.
The wight attacks as you move away! The wight completely misses you.
The wight attacks as you move away!
The wight hits you with a +3 short sword of freezing!
* * * LOW HITPOINT WARNING * * *
The wight freezes you.
You die...

.........# #.# #.......###.#
.... #[.###.# #.......+...#
##.. #...##.####.......#...#
##...###..........#.........+
#............######.#####...#
..#..†..#...........#.##...#
#..>..###.######..........
..#.....#...........#.######
#.......zz$.z@...........
#.#../###...######.#### ##
#... #....# . ..#'z #..#.#
....z.......# ###.#.#..#####
## ..... .. .### .. ..


You could see 3 wights.

Vanquished Creatures
  Sigmund (D:2)
  Edmund (D:5)
  A sky beast (D:5)
  2 black bears (D:4)
  A phantom (D:4)
  A scorpion (D:4)
  A jelly (D:5)
  A gnoll shaman (D:4)
  An orc priest (D:3)
  15 gnolls
  13 adders
  2 worms
  A dart slug (D:5)
  18 orcs
  3 ball pythons
  7 endoplasms
  3 giant cockroaches
  3 goblins
  4 hobgoblins
  8 kobolds
  2 quokkas (D:2)
  4 bats
  3 frilled lizards
  6 rats
102 creatures vanquished.

Notes
Turn   | Place    | Note
-------+----------+-------------------------------------------
     0 | D:1      | trckry the Mummy Necromancer began the quest for the Orb.
     0 | D:1      | Reached XP level 1. HP: 13/13 MP: 4/4
   530 | D:1      | Found Wupsadwe's Antique Weapon Emporium.
   543 | D:1      | Reached XP level 2. HP: 19/19 MP: 1/5
   728 | D:1      | Found a faded altar of an unknown god.
  1484 | D:2      | Gained mutation: You are in touch with the powers of death.
                  | [Mummy growth]
  1484 | D:2      | Reached XP level 3. HP: 24/24 MP: 3/7
  1588 | D:2      | Noticed Sigmund
  1594 | D:2      | Learned a level 3 spell: Vampiric Draining
  1598 | D:2      | Learned a level 3 spell: Mephitic Cloud
  1745 | D:2      | Found a burning altar of Makhleb.
  1841 | D:2      | Reached XP level 4. HP: 27/30 MP: 7/9
  2046 | D:3      | Found a hazy altar of Hepliaklqana.
  2176 | D:3      | Noticed a +0 dagger
  2195 | D:3      | Reached skill level 5 in Necromancy
  2290 | D:3      | Noticed a +0 falchion
  2290 | D:3      | Noticed a +0 short sword
  2291 | D:3      | Noticed a +0 spear
  2292 | D:3      | Noticed a +0 dagger
  2292 | D:3      | Noticed a +0 spear
  2293 | D:3      | Noticed a +0 falchion
  2293 | D:3      | Noticed a +0 short sword
  2309 | D:3      | Found a hide-covered altar of Uskayaw.
  2343 | D:3      | Reached XP level 5. HP: 24/35 MP: 7/10
  2658 | D:4      | Noticed a black bear
  2672 | D:4      | Killed a black bear
  2673 | D:4      | Reached skill level 1 in Conjurations
  2673 | D:4      | Reached skill level 1 in Air Magic
  2673 | D:4      | Reached skill level 1 in Poison Magic
  2692 | D:4      | Found a bloodstained altar of Trog.
  2693 | D:4      | Noticed a black bear
  2702 | D:4      | Killed a black bear
  2703 | D:4      | Reached XP level 6. HP: 41/41 MP: 5/12
  2793 | D:4      | Reached skill level 6 in Necromancy
  3032 | D:4      | Found Mutrar's Book Shop.
  3071 | D:4      | Reached XP level 7. HP: 46/46 MP: 13/13
  3422 | D:2      | Killed Sigmund
  3595 | D:5      | Entered Level 5 of the Dungeon
  3616 | D:5      | Noticed Edmund
  3639 | D:5      | Killed Edmund
  4608 | D:5      | Reached XP level 8. HP: 52/52 MP: 9/14
  4849 | D:5      | Learned a level 4 spell: Olgreb's Toxic Radiance
  4931 | D:6      | Found a staircase to the Ecumenical Temple.
  4944 | Temple   | Entered the Ecumenical Temple
  5119 | D:6      | HP: 3/52 [wight/+3 short sword of freezing (12)]
  5119 | D:6      | Slain by a wight

Illustrated notes

Levels and vault maps discovered:
D:1:      lightli_arrival_noodles, layout_basic, serial_shops, shop,
          shapermc_ecumenical_altar_pompeii
D:2:      layout_rooms, basic_altar, minmay_pentomino_pile, uniq_sigmund
D:3:      layout_rooms, mainiacjoe_overflow_tiny_flanked,
          nicolae_uskayaw_en_pointe
D:4:      layout_gridville, trog_ov_bears_minmay, serial_shops,
          nicolae_shop_crystal, minmay_misc_feat_x
D:5:      layout_loops_ring, uniq_edmund
D:6:      layout_basic, minmay_temple_entry_tees, uniq_duvessa
Temple:   regret_index_temple_sphere_string

Skill      XL: |  1  2  3  4  5  6  7 |
---------------+----------------------+-----
Spellcasting   | 3 4 |  4.0
Necromancy     | 5 6 |  6.0
Conjurations   | 1 2 3 |  3.0
Air Magic      | 1 2 3 |  3.0
Poison Magic   | 1 2 4 |  4.6
Dodging        | |  1.6
Stealth        | |  1.6

Action                   |  1- 3 |  4- 6 |  7- 9 || total
-------------------------+-------+-------+-------++-------
 Cast: Pain              |    61 |    86 |    61 ||   208
       Vampiric Draining |       |    11 |    25 ||    36
Evoke: Wand              |       |     4 |     3 ||     7
Armor: Robe              |     2 |     2 |     1 ||     5
Dodge: Dodged            |    11 |    10 |    20 ||    41

Table legend: (Time is in decaauts)
 A = Elapsed time spent in this place.
 B = Non-inter-level travel time spent in this place.
 C = Inter-level travel time spent in this place.
 D = Time resting spent in this place.
 E = Time spent auto-exploring this place.
 F = Levels seen in this place.
 G = Mean time per level.
                   A        B        C        D        E       F      G
               +--------+--------+--------+--------+--------+-----+--------+
         Total |   5119 |   4816 |    303 |     36 |   3892 |   7 |  731.3 |
       Dungeon |   4954 |   4669 |    285 |     36 |   3760 |   6 |  825.7 |
        Temple |    164 |    146 |     18 |      0 |    132 |   1 |  164.0 |
               +--------+--------+--------+--------+--------+-----+--------+

Top non-repeatable levels by time:
     D:1: 1398 daAuts
     D:5: 1299 daAuts
     D:2: 801 daAuts
     D:4: 777 daAuts
     D:3: 617 daAuts
  Temple: 164 daAuts
     D:6: 58 daAuts
